 Dungeon Crawl Stone Soup version 0.22-a0-512-g0943f25 (webtiles) character file.

6405 epen the Spear-Bearer (level 10, -3/80 HPs)
             Began as a Merfolk Monk on June 18, 2018.
             Was a High Priest of Okawaru.
             Slain by a gargoyle
             ... wielding a +0 flail
              (17 damage)
             ... on level 10 of the Dungeon.
             The game lasted 00:23:45 (12261 turns).

epen the Spear-Bearer (Merfolk Monk)               Turns: 12261, Time: 00:23:45

Health: -3/80      AC: 11    Str: 21    XL:     10   Next: 98%
Magic:  10/15      EV: 29    Int: 10    God:    Okawaru [*****.]
Gold:   348        SH:  0    Dex: 22    Spells: 9/9 levels left

rFire    . . .     SeeInvis .   H - +0 halberd
rCold    . . .     Gourm    .   (shield currently unavailable)
rNeg     . . .     Faith    .   e - +1 ring mail
rPois    .         Spirit   .   (no helmet)
rElec    .         Reflect  .   t - +2 cloak {+Inv}
rCorr    .         Harm     .   (no gloves)
MR       .....                  (no boots)
Stlth    ++........             (no amulet)
HPRegen  0.23/turn              D - ring "Waurubig" {Str+7 Stlth-}
MPRegen  0.14/turn              i - ring of loudness (curse)

@: agile, heroism, finesse
A: change form in water, swift swim, stealthy swim
a: Heroism, Finesse, Renounce Religion, Evoke Invisibility


You were on level 10 of the Dungeon.
You worshipped Okawaru.
Okawaru was extremely pleased with you.
You were not hungry.

You visited 1 branch of the dungeon, and saw 10 of its levels.
You also visited: Ossuary.

You collected 686 gold pieces.
You spent 338 gold pieces at shops.

Inventory:

Hand Weapons
 a - a +0 spear
 C - a +1 trident
 H - a +0 halberd (weapon)
Missiles
 v - 8 poisoned javelins (quivered)
Armour
 b - a +0 robe
 e - a +1 ring mail (worn)
 t - a +2 cloak of invisibility (worn)
 G - a scarf of repulsion
Jewellery
 i - a cursed ring of loudness (right hand)
 B - the ring of Red Wine {*Slow rPois Int+6 Stlth+}
   (You found it on level 6 of the Dungeon)

   [ring of stealth]

   It affects your intelligence (+6).
   It protects you from poison.
   It may slow you when you take damage.
   It makes you more stealthy.
 D - the ring "Waurubig" (left hand) {Str+7 Stlth-}
   (You found it on level 7 of the Dungeon)

   [ring of loudness]

   It affects your strength (+7).
   It makes you less stealthy.
Wands
 m - a wand of iceblast (9)
 r - a wand of flame (11)
 y - a wand of random effects (21)
 A - a wand of paralysis (13)
Scrolls
 f - 3 scrolls of enchant armour
 j - a scroll of magic mapping
 k - 5 scrolls of remove curse
 l - 3 scrolls of teleportation
 n - 2 scrolls of amnesia
 o - 2 scrolls of noise
 p - a scroll of fear
 F - a scroll of enchant weapon
Potions
 d - 2 potions of lignification
 g - 3 potions of flight
 q - 3 potions of curing
 u - 2 potions of brilliance
 w - 2 potions of magic
 x - a potion of might
 I - a potion of mutation {unknown}
 J - a potion of invisibility {unknown}
Comestibles
 c - 12 rations


   Skills:
 + Level 8.1(13.1) Fighting
 * Level 13.6(18.6) Polearms
 + Level 4.9(9.9) Armour
 + Level 9.6(14.6) Dodging
 - Level 2.1(7.1) Stealth
 + Level 6.8 Invocations


You had 9 spell levels left.
You didn't know any spells.
Your spell library contained the following spells:

 Spells                   Type           Power        Failure   Level  Hunger
 Confuse                  Hex            #.......     86%         3    ####...
 Tukima's Dance           Hex            #.......     86%         3    ####...
 Ensorcelled Hibernation  Hex/Ice        #.....       63%         2    ###....
 Corona                   Hex            #......      50%         1    ##.....
 Dazzling Spray           Conj/Hex       #.....       86%         3    ####...


Dungeon Overview and Level Annotations

Branches:
Dungeon (10/15)            Temple (0/1) D:6
   Lair: D:8-11         Orc: D:9-12

Altars:
Ashenzari
Dithmenos
Elyvilon
Gozag
Hepliaklqana
Nemelex Xobeh
Okawaru
Qazlal
Ru
Wu Jian
Xom
Zin
The Shining One

Shops:
D:5 [   D:8 %%:*

Annotations:
D:9 3 runed doors, Tyunk's ghost, novice DDMo


Message History

The gargoyle is lightly damaged.
You feel sick.
The gargoyle hurls a stone arrow at you.
The stone arrow hits you!
* * * LOW HITPOINT WARNING * * *
You slash the gargoyle!
The gargoyle is heavily damaged.
You completely miss the gargoyle.
The gargoyle is heavily damaged.
You barely miss the gargoyle.
The gargoyle is heavily damaged.
The gargoyle hits you with a flail.
* * * LOW HITPOINT WARNING * * *
You feel better.
You feel agile all of a sudden. The gargoyle closely misses you.
You hit the gargoyle.
The gargoyle is severely damaged.
The gargoyle hits you with a flail!
You die...

#.... #.>.. # #.#..
#. #.#.# .### #.#.#
..# #.#.# #.#
##.#.#######
#.###...........
#..@9a.......###
####..##....###.###
#.....#####.....<..
#.###.# #...####..
#.# #.# #...# . #<#
#.# ..9.a #.# #.#
....?.. #.#
#.#...$....# #..
...........


You could see a gargoyle and a worker ant.

Vanquished Creatures
  A two-headed ogre (D:9)
  Maurice (D:8)
  A hornet (D:10)
  Grinder (D:6)
  A shadow (D:9)
  3 wyverns
  6 yaks (D:9)
  2 hungry ghosts
  An orc warrior (D:5)
  A black bear (D:8)
  An ice beast (D:6)
  2 sky beasts
  A phantom (D:5)
  2 centaurs
  5 ogres
  2 big kobolds (D:9)
  5 bullfrogs
  A wyvern skeleton (D:8)
  3 howler monkeys (D:8)
  6 crimson imps
  A bullfrog zombie (D:6)
  5 centaur zombies
  2 jellies
  A bullfrog skeleton (D:4)
  5 hounds
  3 centaur skeletons
  Natasha (thrice) (D:2)
  3 iguanas
  5 worker ants
  4 orc wizards
  3 big kobold zombies (Ossuary)
  4 hound zombies
  2 hound skeletons
  A howler monkey zombie (D:6)
  3 mummies (Ossuary)
  6 gnolls
  9 adders
  A shadow imp (D:7)
  3 oozes
  7 adder zombies
  A worm (D:2)
  A dart slug (D:3)
  4 leopard geckos
  31 orcs
  7 bats
  6 giant cockroaches
  2 gnoll zombies (Ossuary)
  9 goblins
  10 hobgoblins
  18 jackals
  16 kobolds
  4 quokkas
  2 ball pythons
  3 frilled lizards
  A goblin zombie (Ossuary)
  2 hobgoblin zombies (Ossuary)
  3 jackal zombies (Ossuary)
  4 kobold zombies (Ossuary)
  A leopard gecko zombie (D:6)
  An orc zombie (Ossuary)
  4 quokka zombies
  9 rats
  2 rat zombies
258 creatures vanquished.

Vanquished Creatures (others)
  A two-headed ogre (D:8)
  An orc warrior (D:8)
  A centaur (D:8)
  2 bullfrogs (D:8)
  A gnoll shaman (D:8)
  2 gnolls (D:8)
  An orc (D:8)
9 creatures vanquished.

Grand Total: 267 creatures vanquished

Notes
Turn   | Place    | Note
-------+----------+-------------------------------------------
     0 | D:1      | epen the Merfolk Monk began the quest for the Orb.
     0 | D:1      | Reached XP level 1. HP: 18/18 MP: 1/1
   292 | D:1      | Reached XP level 2. HP: 24/24 MP: 2/2
   452 | D:1      | Reached skill level 5 in Polearms
   728 | D:1      | Reached XP level 3. HP: 29/29 MP: 3/3
  1055 | D:2      | Found an iron altar of Okawaru.
  1084 | D:2      | Reached XP level 4. HP: 27/37 MP: 4/4
  1133 | D:2      | Noticed a sky beast
  1220 | D:2      | Became a worshipper of Warmaster Okawaru
  1220 | D:2      | Reached * piety under Okawaru
  1220 | D:2      | Reached ** piety under Okawaru
  1295 | D:2      | Reached skill level 1 in Armour
  2110 | D:2      | Noticed Natasha
  2122 | D:2      | Killed Natasha
  2122 | D:2      | Reached skill level 6 in Polearms
  2131 | D:2      | Found a hazy altar of Hepliaklqana.
  2260 | D:2      | Noticed Natasha
  2280 | D:2      | Killed Natasha
  2280 | D:2      | Reached skill level 1 in Invocations
  2280 | D:2      | Reached XP level 5. HP: 19/42 MP: 3/5
  2342 | D:2      | Noticed Natasha
  2355 | D:2      | Killed Natasha
  2496 | D:3      | Reached skill level 5 in Dodging
  2585 | D:2      | Reached XP level 6. HP: 33/48 MP: 5/7
  3002 | D:3      | Found a faded altar of an unknown god.
  3659 | D:4      | epen: !lg
  3659 | D:4      | beem: 1301. epen the Slayer (L27 GrMo of Jiyva), escaped with the Orb and 5 runes on 2018-06-18 01:41:53, with 3653461 points after 57333 turns and 2:45:28.
  3801 | D:4      | Reached skill level 7 in Polearms
  4034 | D:5      | Entered Level 5 of the Dungeon
  4149 | D:5      | Noticed a phantom
  4166 | D:5      | Reached XP level 7. HP: 30/55 MP: 5/8
  4516 | D:5      | Reached skill level 8 in Polearms
  4635 | D:5      | Reached skill level 5 in Fighting
  4706 | D:5      | Found Fucifedd's Armour Shoppe.
  5023 | D:5      | Found an opulent altar of Gozag.
  5023 | D:5      | Found a shadowy altar of Dithmenos.
  5024 | D:5      | Found a sparkling altar of Nemelex Xobeh.
  5317 | D:5      | Reached *** piety under Okawaru
  5317 | D:5      | Reached XP level 8. HP: 32/62 MP: 10/10
  5652 | D:6      | Reached skill level 9 in Polearms
  5688 | D:6      | Found a sand-covered staircase.
  5699 | Ossuary  | Entered an ossuary
  6526 | Ossuary  | Received a gift from Okawaru
  6693 | D:6      | Found a shimmering altar of Xom.
  7004 | D:6      | Found a white marble altar of Elyvilon.
  7037 | D:6      | Found a staircase to the Ecumenical Temple.
  7048 | D:6      | Noticed Grinder
  7051 | D:6      | Paralysed by Grinder for 4 turns
  7056 | D:6      | Killed Grinder
  7056 | D:6      | Reached skill level 10 in Polearms
  7066 | D:6      | Got a translucent bronze ring
  7067 | D:6      | Identified the ring of Red Wine {*Slow rPois Int+6 Stlth+} (You found it on level 6 of the Dungeon)
  7402 | D:6      | Reached **** piety under Okawaru
  7458 | D:6      | Found a sacrificial altar of Ru.
  7509 | D:6      | Received a gift from Okawaru
  7509 | D:6      | Reached XP level 9. HP: 69/69 MP: 12/12
  7607 | D:7      | Got a vibrating pewter ring
  8442 | D:7      | Found a shattered altar of Ashenzari.
  8867 | D:8      | HP: 1/69 [wyvern (12)]
  9197 | D:8      | Found a shimmering altar of Xom.
  9202 | D:8      | Found Isolir's Assorted Antiques.
  9204 | D:8      | Found Gaud Itz's Book Boutique.
  9283 | D:8      | Bought a glowing scarf for 248 gold pieces
  9300 | D:8      | Reached skill level 11 in Polearms
  9341 | D:8      | Reached skill level 5 in Invocations
  9526 | D:8      | Found Zin's Purification Station.
  9534 | D:8      | Found a glowing silver altar of Zin.
  9537 | D:8      | Bought a potion of curing for 90 gold pieces
  9785 | D:8      | Found a stormy altar of Qazlal.
  9906 | D:8      | Noticed a two-headed ogre
 10080 | D:8      | Found an ornate altar of the Wu Jian Council.
 10083 | D:8      | Noticed Maurice
 10113 | D:8      | Killed Maurice
 10240 | D:8      | Identified the ring "Waurubig" {Str+7 Stlth-} (You found it on level 7 of the Dungeon)
 10286 | D:8      | Found Litaonuth's Food Shoppe.
 10494 | D:8      | Found Kexig's Food Shop.
 10513 | D:8      | Reached skill level 12 in Polearms
 10513 | D:8      | Reached XP level 10. HP: 72/79 MP: 14/14
 10525 | D:8      | Killed a two-headed ogre
 10871 | D:9      | Reached ***** piety under Okawaru
 11007 | D:9      | Noticed a two-headed ogre
 11016 | D:9      | Killed a two-headed ogre
 11059 | D:9      | Reached skill level 13 in Polearms
 11088 | D:9      | Received a gift from Okawaru
 11163 | D:9      | Found a runed gate.
 11163 | D:9      | Found a runed gate.
 11163 | D:9      | Found a runed gate.
 11164 | D:9      | Noticed a yaktaur captain
 11166 | D:9      | Noticed Tyunk's ghost (novice DDMo)
 11171 | D:9      | Noticed a gargoyle
 11741 | D:9      | Found a glowing golden altar of the Shining One.
 12195 | D:10     | Entered Level 10 of the Dungeon
 12228 | D:10     | Noticed a gargoyle
 12235 | D:10     | Paralysed by a hornet for 1 turns
 12242 | D:10     | Paralysed by a hornet for 3 turns
 12261 | D:10     | Slain by a gargoyle

Vault maps used:
D:1:      minmay_arrival_loop
D:2:      lemuel_coloured_pillars_altar, okawaru_trees_1, uniq_natasha
D:3:      chequers_ecumenical_altar_grove
D:4:      first_ration, minivault_19
D:5:      gammafunk_temple_overflow_claw, serial_shops, nicolae_shop_stone
D:6:      kennysheep_mini_moat, xom_butterflies, kennysheep_mini,
          minmay_temple_entry_trees, enter_ossuary_3, st_stairs_5, uniq_grinder
D:7:      basic_altar, minmay_misc_feat_four_crosses, corexii_checkpoint_a
D:8:      nicolae_qazlal_general_emergency, zin_purify,
          nicolae_overflow_crystal_walls, serial_shops, shop_fountains, shop,
          shop_fountains, shop, xom_confusion_cloud, uniq_maurice
D:9:      basic_altar, gammafunk_ghost_split
D:10:     orc_0_dummy, serial_shops, nicolae_shop_statue_plus
Ossuary:  minmay_ossuary_two_tombs

Skill      XL: |  1  2  3  4  5  6  7  8  9 10 |
---------------+-------------------------------+-----
Polearms       | 5 6 7 8 10 12 13 | 13.6
Armour         | 1 2 3 4 |  4.9
Fighting       | 4 5 6 7 8 |  8.1
Invocations    | 1 2 3 4 5 6 |  6.8
Dodging        | 5 6 7 8 9 |  9.6
Stealth        | |  2.1

Action                   |  1- 3 |  4- 6 |  7- 9 | 10-12 || total
-------------------------+-------+-------+-------+-------++-------
Melee: Spear             |   151 |   391 |   768 |       ||  1310
       Unarmed           |       |       |    12 |       ||    12
       Trident           |       |       |   213 |   165 ||   378
       Halberd           |       |       |       |   103 ||   103
       Punch             |       |       |       |     2 ||     2
Throw: Javelin           |       |       |     7 |       ||     7
Invok: Heroism           |       |     4 |     5 |     3 ||    12
       Finesse           |       |       |       |     1 ||     1
 Abil: Evoke Invisibilit |       |       |       |     1 ||     1
  Use: Scroll            |       |       |    19 |     3 ||    22
       Potion            |       |       |     5 |     2 ||     7
 Stab: Sleeping          |     3 |     3 |    10 |       ||    16
       Distracted        |       |       |     1 |       ||     1
       Invisible         |       |       |       |     6 ||     6
       Confused          |       |       |       |     1 ||     1
  Eat: Chunk             |       |     7 |     7 |     5 ||    19
       Ration            |       |     1 |     5 |     1 ||     7
Armor: Robe              |     3 |       |       |       ||     3
       Ring mail         |    39 |    98 |   132 |    50 ||   319
       Skin              |       |       |    11 |       ||    11
Dodge: Dodged            |    86 |   236 |   435 |   178 ||   935

Table legend:
 A = Spawn XP
 B = Non-spawn XP
 C = Spawn XP percentage of total XP
 D = Spawn monster count
 E = Non-spawn monster count
 F = Spawn count percentage of total count
 G = Total turns spent on level
                    A         B        C        D         E        F      G
               +---------+---------+-------+---------+---------+-------+---------
         Total |       0 |    9151 |   0.0 |       0 |     258 |   0.0 | 12261
               +---------+---------+-------+---------+---------+-------+---------
           D:1 |       0 |      38 |   0.0 |       0 |      22 |   0.0 |  1096
           D:2 |       0 |     254 |   0.0 |       0 |      38 |   0.0 |  1489
           D:3 |       0 |      80 |   0.0 |       0 |      24 |   0.0 |   646
           D:4 |       0 |     160 |   0.0 |       0 |      12 |   0.0 |   803
           D:5 |       0 |     719 |   0.0 |       0 |      13 |   0.0 |  1422
           D:6 |       0 |     858 |   0.0 |       0 |      16 |   0.0 |  1113
           D:7 |       0 |     374 |   0.0 |       0 |      18 |   0.0 |  1388
           D:8 |       0 |    1925 |   0.0 |       0 |      31 |   0.0 |  2114
           D:9 |       0 |    3898 |   0.0 |       0 |      48 |   0.0 |  1137
          D:10 |       0 |     481 |   0.0 |       0 |       2 |   0.0 |    66
       Ossuary |       0 |     364 |   0.0 |       0 |      34 |   0.0 |   987
               +---------+---------+-------+---------+---------+-------+---------
